 Dungeon Crawl Stone Soup version 0.19.1-1-g22dce08 (webtiles) character file.

248 esteth the Chopper (level 5, 0/45 HPs)
             Began as a Minotaur Fighter on Jan 5, 2017.
             Was an Initiate of Ashenzari.
             Slain by an orc priest
             ... wielding a +0 flail
              (2 damage)
             ... on level 3 of the Dungeon.
             The game lasted 00:11:44 (2544 turns).

esteth the Chopper (Minotaur Fighter)               Turns: 2544, Time: 00:11:45

Health: 0/45       AC:  6    Str: 21    XL:     5   Next: 86%
Magic:  4/4        EV:  7    Int:  5    God:    Ashenzari [......]
Gold:   166        SH:  9    Dex: 10    Spells: 0 memorised, 4 levels left

rFire  . . .     SeeInvis .     a - +0 war axe
rCold  . . .     Gourm    .     b - +0 scale mail
rNeg   . . .     Faith    .     c - +0 shield (curse)
rPois  .         Spirit   .     (helmet restricted)
rElec  .         Reflect  .     (no cloak)
rCorr  .         Harm     .     (no gloves)
MR     +....                    (no boots)
Stlth  ..........               (no amulet)
                                t - ring of protection from magic (curse)
                                h - ring of flight

@: no status effects
A: retaliatory headbutt, horns 2
a: Curse Item, Renounce Religion, Evoke Flight


You were on level 3 of the Dungeon.
You worshipped Ashenzari.
Ashenzari was noncommittal.
You were hungry.

You visited 1 branch of the dungeon, and saw 3 of its levels.

You collected 166 gold pieces.

Inventory:

Hand Weapons
 a - a +0 war axe (weapon)
Armour
 b - a +0 scale mail (worn)
 c - a cursed +0 shield (worn)
Jewellery
 h - a ring of flight (left hand)
 t - a cursed ring of protection from magic (right hand)
 w - an uncursed ring of fire
Wands
 p - a wand of flame (25/48)
Scrolls
 e - 2 scrolls of remove curse
 i - 2 scrolls of identify
 j - 2 scrolls of blinking {unknown}
 n - 4 scrolls of teleportation {unknown}
 s - a scroll of random uselessness {unknown}
 u - a scroll of enchant weapon {unknown}
 v - 3 scrolls of enchant armour {unknown}
 y - a scroll of fog {unknown}
Potions
 d - 2 potions of might
 g - 2 potions of curing
 k - a potion of degeneration {unknown}
 l - a potion of magic {unknown}
 m - a potion of agility {unknown}
 o - a potion of beneficial mutation {unknown}
 r - a potion of berserk rage {unknown}
 x - a potion of brilliance {unknown}
Comestibles
 f - 3 bread rations
 q - a meat ration
 z - a chunk of flesh


   Skills:
 - Level 3.6 Fighting
 + Level 7.5 Axes
 - Level 3.6 Armour
 - Level 3.7 Shields


You had 4 spell levels left.
You didn't know any spells.

Dungeon Overview and Level Annotations

Branches:
Dungeon (3/15)

Altars:
Ashenzari
Gozag
Hepliaklqana
Xom

Annotations:
D:2 1 runed door


Innate Abilities, Weirdness & Mutations

You reflexively headbutt those who attack you in melee.
You have a pair of horns on your head.


Message History

The gnoll closely misses you.
You hit the orc priest but do no damage.
The orc priest is moderately wounded.
You slash the orc!
You kill the orc!
You hit the orc priest. The orc priest barely misses you.
The orc priest looks braver for a moment.
You block the gnoll's attack.
You hit the orc priest but do no damage.
Your headbutt misses the orc priest.
The orc priest is moderately wounded.
You hit the jackal. You hit the orc priest. You block the jackal's attack.
The orc priest calls down the wrath of Beogh upon you.
Pain shoots through your body!
* * * LOW HITPOINT WARNING * * *
The orc priest hits you but does no damage.
The gnoll hits you from afar with a spear.
* * * LOW HITPOINT WARNING * * *
You block the jackal's attack. The orc priest hits you with a flail.
You die...

<.. .... #. . #. .... #.
. ######.### ....##.#.
#........... ........#
#.........#. ....K...#
#.........#. .....g..#
#.........#. ......o.#
#.........#.
......h@#####...........
######o!..............##
#................#
#...........)....#
#................#
#.######.######..# #.
#.# #...# #. #.# ....#
#. #.# ^...#


You could see 2 orc priests, a gnoll, a jackal and a kobold.

Vanquished Creatures
  Natasha (twice) (D:3)
  Terence (D:2)
  Robin (D:3)
  4 gnolls
  3 adders (D:2)
  3 worms (D:2)
  4 dart slugs
  A leopard gecko (D:1)
  3 orcs (D:3)
  2 ball pythons
  2 giant cockroaches (D:2)
  14 goblins
  7 hobgoblins
  A jackal (D:3)
  9 kobolds
  3 quokkas (D:2)
  7 bats
  4 frilled lizards
  6 rats
77 creatures vanquished.

Vanquished Creatures (others)
  4 toadstools (D:1)
4 creatures vanquished.

Grand Total: 81 creatures vanquished

Notes
Turn   | Place    | Note
-------+----------+-------------------------------------------
     0 | D:1      | esteth the Minotaur Fighter began the quest for the Orb.
     0 | D:1      | Reached XP level 1. HP: 19/19 MP: 0/0
    88 | D:1      | Reached skill level 3 in Axes
   107 | D:1      | Reached XP level 2. HP: 25/26 MP: 1/1
   264 | D:1      | Reached skill level 4 in Axes
   268 | D:1      | Reached XP level 3. HP: 20/31 MP: 2/2
   978 | D:2      | Noticed Terence
   987 | D:2      | Killed Terence
   987 | D:2      | Reached skill level 5 in Axes
   987 | D:2      | Reached XP level 4. HP: 39/39 MP: 3/3
  1492 | D:2      | Found a hazy altar of Hepliaklqana.
  1638 | D:2      | Found a runed door.
  1706 | D:2      | Reached skill level 6 in Axes
  2038 | D:2      | Reached XP level 5. HP: 42/45 MP: 4/4
  2173 | D:3      | Noticed Natasha
  2177 | D:3      | Killed Natasha
  2205 | D:3      | Noticed Robin
  2215 | D:3      | Killed Robin
  2292 | D:3      | Found an opulent altar of Gozag.
  2387 | D:3      | Noticed Natasha
  2387 | D:3      | Found a shattered altar of Ashenzari.
  2393 | D:3      | Killed Natasha
  2393 | D:3      | Reached skill level 7 in Axes
  2481 | D:3      | Became a worshipper of Ashenzari the Shackled
  2513 | D:3      | Found a shimmering altar of Xom.
  2544 | D:3      | HP: 2/45 [gnoll/spear (2)]
  2544 | D:3      | Slain by an orc priest

Skill      XL: |  1  2  3  4  5 |
---------------+----------------+-----
Axes           | 3 4 5 6 7 |  7.5
Fighting       | |  3.6
Armour         | |  3.6
Shields        | |  3.7

Action                   |  1- 3 |  4- 6 || total
-------------------------+-------+-------++-------
Melee: War axe           |    61 |   137 ||   198
       Headbutt          |    13 |    17 ||    30
Invok: Curse Item        |       |     2 ||     2
  Use: Scroll            |       |     3 ||     3
       Potion            |       |     2 ||     2
  Eat: Chunk             |       |     5 ||     5
Armor: Scale mail        |    28 |    65 ||    93
Dodge: Dodged            |    18 |    46 ||    64
Block: Shield            |    27 |    70 ||    97
